AoeStats
← mhilla73

Arena

509498316Analyzed
4v4 RM · 7d ago on Sep 27, 2026· 13m 18s· 8 players
Game mode
Random Map
Map size
Large (8 player)
Population
200
Speed
Normal
Resources
Standard
Victory
Conquest
Starting age
Dark Age
Ending age
Imperial Age
RankedLock teamsTeams togetherTeam positionsShared explorationLock speedFull tech treeHidden civsTurbo modeCheats
Victory
Defeat
🇺🇸 Italians · United States
1524
+10
🇺🇸 Varangians · United States
1476
+12
🇺🇸 Poles · United States
1262
+21
🇺🇸 Khmer · United States
1166
+25
🇺🇸 Persians · United States
1391
-18
🇵🇪 Slavs · Peru
1386
-17
🇲🇽 Spanish · Mexico
1385
-17
🇵🇾 Malay · Paraguay
1352
-16
brachigol
MEX_Angel_Tj
10:16 Feudal Age
14:52 Castle Age
_WizarD_
10:57 Feudal Age
13:49 Wheelbarrow
DonNarko
10:52 Feudal Age
11:41 Loom
14:36 Castle Age
mhilla73
10:52 Feudal Age
13:38 Double-Bit Axe
rubatubdubs
10:00 Feudal Age
11:25 Double-Bit Axe
13:43 Castle Age
11:30 Horse Collar
x_treme77
10:26 Feudal Age
14:12 Castle Age
13:19 Double-Bit Axe
Divine
5:48 Loom
11:56 Feudal Age
13:32 Double-Bit Axe
Connection lost

Rejoining the realm…

Still unreachable

The connection could not be restored.

Session expired

The server has moved on; the page needs a fresh start.